 Dungeon Crawl Stone Soup version 0.20.1-1-g8b1a95d (webtiles) character file.

184 Echep the Stinger (level 5, -1/29 HPs)
             Began as a Tengu Venom Mage on Dec 5, 2017.
             Was an Initiate of Sif Muna.
             Slain by Grinder (5 damage)
             ... on level 2 of the Dungeon on Dec 6, 2017.
             The game lasted 00:21:35 (3408 turns).

Echep the Stinger (Tengu Venom Mage)                Turns: 3408, Time: 00:21:36

Health: -1/29      AC:  3    Str:  8    XL:     5   Next: 64%
Magic:  5/10       EV: 13    Int: 17    God:    Sif Muna [......]
Gold:   94         SH:  0    Dex: 14    Spells: 4/10 levels left

rFire    . . .     SeeInvis .   k - +1 short sword (holy)
rCold    . . .     Gourm    .   (no shield)
rNeg     . . .     Faith    .   a - +0 robe
rPois    .         Spirit   .   (helmet restricted)
rElec    .         Reflect  .   g - +0 cloak
rCorr    .         Harm     .   (no gloves)
MR       .....                  (boots unavailable)
Stlth    ++........             (no amulet)
Regen    0.1/turn               (no ring)
MPRegen  0.2/turn               (no ring)

@: very slightly contaminated
A: beak, talons 3, able to fly 1
a: Fly, Renounce Religion


You were on level 2 of the Dungeon.
You worshipped Sif Muna.
Sif Muna was noncommittal.
You were hungry.

You visited 1 branch of the dungeon, and saw 3 of its levels.

You collected 94 gold pieces.

Inventory:

Hand Weapons
 e - a +0 club
 k - a +1 short sword of holy wrath (weapon)
 n - a +0 hunting sling
 r - a +1 hand axe of electrocution
Missiles
 d - 89 stones (quivered)
Armour
 a - a +0 robe (worn)
 g - a +0 cloak (worn)
Jewellery
 h - a cursed ring of loudness {unknown}
 m - a +4 amulet of reflection {unknown}
Scrolls
 f - 2 scrolls of identify {unknown}
 i - 2 scrolls of enchant weapon {unknown}
 j - 3 scrolls of teleportation
 o - a scroll of random uselessness {unknown}
Potions
 l - a potion of heal wounds
 p - a potion of berserk rage {unknown}
Books
 b - a Young Poisoner's Handbook

   Spells                             Type                      Level
   a - Sting                          Conjuration/Poison           1
   b - Poisonous Vapours              Poison/Air                   2
   c - Mephitic Cloud                 Conjuration/Poison/Air       3
   d - Olgreb's Toxic Radiance        Poison                       4
   e - Venom Bolt                     Conjuration/Poison           5
Comestibles
 c - 3 bread rations


   Skills:
 * Level 1.2 Fighting
 + Level 0.7 Maces & Flails
 * Level 2.8 Dodging
 + Level 2.0 Stealth
 * Level 3.1 Spellcasting
 * Level 2.9 Conjurations
 * Level 1.6 Air Magic
 * Level 4.0 Poison Magic


You had 4 spell levels left.
You knew the following spells:

 Your Spells              Type           Power        Failure   Level  Hunger
a - Sting                 Conj/Pois      ##..         4%          1    None
b - Poisonous Vapours     Pois/Air       ##....       8%          2    ##.....
c - Mephitic Cloud        Conj/Pois/Air  ##......     16%         3    ###....


Dungeon Overview and Level Annotations

Branches:
Dungeon (3/15)

Altars:
Elyvilon
Gozag
Hepliaklqana
Sif Muna

Annotations:
D:2 Grinder


Innate Abilities, Weirdness & Mutations

You have a beak for a mouth.
You have claws for feet.
You can fly.


Message History

Press: ? - help, Shift-Dir - straight line, f/p - Grinder
Aim: Grinder (lightly wounded, fast)
You miscast Sting.
You are very lightly contaminated with residual magic.
Nothing appears to happen.
Casting: Sting
Confirm with . or Enter, or press ? or * to list all spells.
Aiming: Sting
Press: ? - help, Shift-Dir - straight line, f/p - Grinder
Aim: Grinder (lightly wounded, fast)
The sting misses Grinder.
Grinder barely misses you. Grinder misses you.
You climb upwards.
There is a stone staircase leading down here.
You closely miss Grinder. Your kick misses Grinder. You peck Grinder.
Grinder is lightly wounded.
Grinder hits you!
* * * LOW HITPOINT WARNING * * *
You writhe in agony.
You die...

# ###.###.##..#..## #.#
# #...# #.###.#..# #.#
# #.#.###.# #....# #.#
# #.#.....# #.#.## #.#
# #.#########.#.# #.# #
#.# ##......#######.# #
#.# #...............# #
#.#####..##5#########.#
# #.##.......@# #.# ###
######.##.##..##.# #.#
#.. ..........##).##.#
#.####..
##..).........##.#
#.......
#...#...........#
#.....).
#####..####.#####
######.# #..# #.# #.#
#..# #.# #)# #..# #.#
#.#


You could see Grinder.

Vanquished Creatures
  An orc wizard (D:3)
  Robin (D:3)
  5 adders (D:2)
  2 oozes
  2 worms (D:2)
  A dart slug (D:1)
  3 leopard geckos (D:2)
  2 orcs (D:3)
  A ball python (D:1)
  11 bats
  4 giant cockroaches
  10 goblins
  10 hobgoblins
  11 jackals
  6 frilled lizards
  2 kobolds
  6 rats
78 creatures vanquished.

Notes
Turn   | Place    | Note
-------+----------+-------------------------------------------
     0 | D:1      | Echep the Tengu Venom Mage began the quest for the Orb.
     0 | D:1      | Reached XP level 1. HP: 10/10 MP: 4/4
   219 | D:1      | Reached XP level 2. HP: 3/15 MP: 3/6
   495 | D:1      | Learned a level 2 spell: Poisonous Vapours
   926 | D:1      | Reached XP level 3. HP: 18/19 MP: 2/7
   997 | D:1      | Learned a level 3 spell: Mephitic Cloud
  1418 | D:1      | Found a hazy altar of Hepliaklqana.
  1648 | D:2      | Found an opulent altar of Gozag.
  1890 | D:2      | Reached XP level 4. HP: 24/24 MP: 1/9
  2016 | D:2      | Reached skill level 1 in Air Magic
  2159 | D:2      | Found a white marble altar of Elyvilon.
  2428 | D:2      | Found a deep blue altar of Sif Muna.
  2435 | D:2      | Became a worshipper of Sif Muna the Loreminder
  2785 | D:2      | Gained mutation: You can fly. [Tengu growth]
  2785 | D:2      | Reached XP level 5. HP: 28/28 MP: 6/10
  3202 | D:3      | Reached skill level 1 in Fighting
  3211 | D:3      | Noticed Robin
  3250 | D:3      | Reached skill level 4 in Poison Magic
  3266 | D:3      | Killed Robin
  3375 | D:3      | Noticed Grinder
  3378 | D:3      | Paralysed by Grinder for 6 turns
  3408 | D:2      | Slain by Grinder

Skill      XL: |  1  2  3  4  5 |
---------------+----------------+-----
Conjurations   | 2 |  2.9
Air Magic      | 1 |  1.6
Spellcasting   | 3 |  3.1
Fighting       | 1 |  1.2
Poison Magic   | 4 |  4.0
Maces & Flails | |  0.7
Dodging        | |  2.8
Stealth        | |  2.0

Action                   |  1- 3 |  4- 6 || total
-------------------------+-------+-------++-------
Melee: Unarmed           |    10 |       ||    10
       Club              |    46 |    34 ||    80
       Kick              |     5 |     8 ||    13
       Peck              |     4 |     2 ||     6
       Short sword       |       |    24 ||    24
 Fire: Hunting sling     |       |    35 ||    35
Throw: Stone             |     3 |     6 ||     9
 Cast: Sting             |    28 |    20 ||    48
       Poisonous Vapours |    24 |    19 ||    43
       Mephitic Cloud    |     3 |     9 ||    12
  Use: Potion            |       |     3 ||     3
       Scroll            |       |     1 ||     1
 Stab: Confused          |     1 |       ||     1
  Eat: Chunk             |     5 |     7 ||    12
Armor: Robe              |    30 |     8 ||    38
       Skin              |       |     5 ||     5
Dodge: Dodged            |    68 |    43 ||   111
